 Dungeon Crawl Stone Soup version 0.28.0 (webtiles) character file.

Game seed: 4294304823079510111

287 Jepp2078 the Skirmisher (level 6, 0/58 HPs)
             Began as a Hill Orc Fighter on Feb 10, 2022.
             Slain by a gnoll (11 damage)
             ... on level 4 of the Dungeon.
             The game lasted 00:04:19 (3335 turns).

Jepp2078 the Skirmisher (Hill Orc Fighter)          Turns: 3335, Time: 00:04:19

Health: 0/58       AC:  8    Str: 21    XL:     6   Next: 30%
Magic:  6/6        EV: 10    Int:  8    God:
Gold:   157        SH:  4    Dex: 10    Spells: 5/5 levels left

rFire   . . .      SeeInvis .   a - +0 war axe
rCold   + . .      Faith    .   c - +0 buckler
rNeg    . . .      Spirit   .   d - +1 ring mail {rC+}
rPois   .          Reflect  .   (no helmet)
rElec   .          Harm     .   (no cloak)
rCorr   .          Rampage  .   i - +1 pair of gloves
Will    .....                   (no boots)
Stlth   ..........              (no amulet)
HPRegen 0.19/turn               (no ring)
MPRegen 0.10/turn               (no ring)

@: mighty
A: no striking features
a: no special abilities


You were on level 4 of the Dungeon.
You visited 1 branch of the dungeon, and saw 4 of its levels.

You collected 261 gold pieces.
You spent 104 gold pieces at shops.

Inventory:

Hand Weapons
 a - a +0 war axe (weapon)
Missiles
 o - 6 poisoned darts (quivered)
Armour
 c - a +0 buckler (worn)
 d - a +1 ring mail of cold resistance (worn)
 i - a +1 pair of gloves (worn)
Wands
 k - a wand of flame (17)
 q - a wand of iceblast (11)
Scrolls
 f - a scroll of fog
 h - a scroll of amnesia
 l - a scroll of silence {unknown}
Potions
 e - 2 potions of mutation
 g - 2 potions of curing
 j - a potion of resistance


   Skills:
 + Level 6.3 Fighting
 + Level 6.3 Axes
 - Level 3.2 Armour
 - Level 3.2 Shields


You had 5 spell levels left.
You didn't know any spells.
Your spell library was empty.

Dungeon Overview and Level Annotations

Branches:
Dungeon (4/15)
 Temple: D:4-7

Altars:
Dithmenos
Fedhas
Ru

Shops:
D:2 :!!


Message History

The iguana bites you but does no damage.
You closely miss the iguana. The iguana bites you.
You slash the iguana!
You kill the iguana!
The gnoll shouts!
You hit the ball python.
You kill the ball python!
The giant cockroach bites you but does no damage.
You slash the giant cockroach!
You kill the giant cockroach!
You hit the gnoll.
The gnoll is heavily wounded.
The gnoll barely misses you.
You barely miss the gnoll.
The gnoll is heavily wounded.
You barely miss the gnoll. The gnoll hits you with a +0 flail.
The gnoll hits you but does no damage. The gnoll barely misses you.
The gnoll hits you with a +0 flail!
You hit the gnoll.
The gnoll is heavily wounded.
You slash the gnoll!
The gnoll hits you from afar with a +0 spear!
The gnoll hits you but does no damage. The gnoll hits you with a +0 flail.
* * * LOW HITPOINT WARNING * * *
You feel very mighty all of a sudden. The gnoll completely misses you.
You slash the gnoll!
You kill the gnoll!
The gnoll hits you from afar with a +0 spear.
* * * LOW HITPOINT WARNING * * *
You slash the gnoll!
You kill the gnoll!
The gnoll hits you from afar with a +0 spear.
* * * LOW HITPOINT WARNING * * *
The gnoll hits you from afar with a +0 spear.
* * * LOW HITPOINT WARNING * * *
You slash the gnoll!
You kill the gnoll!
The gnoll hits you from afar with a +0 halberd!
You die...

#.#....g......#
##.....$.......#
...............# .#..
#.........#
....B#.B.......# #.. ..
..##...g######.. #.##.
...#####.# .... ....
#g#### # #..# ...#
#.)@.####.## ...##.#.#
####.......# #..#..#.#
##......# .....##.######
##.......#
....###......###..#.....#
#.#...#..........##.....#
#.###[.........### .[...#
#.# ##<....###.#######.##
#.# ##....# #......# .#


You could see a gnoll.

Vanquished Creatures
  Ijyb (D:3)
  Terence (D:3)
  Natasha (twice) (D:3)
  An iguana (D:4)
  An orc wizard (D:3)
  3 gnolls (D:4)
  4 adders
  2 dart slugs
  6 orcs (D:3)
  3 bats
  7 endoplasms
  3 giant cockroaches
  4 goblins
  7 hobgoblins
  5 jackals
  4 quokkas
  4 ball pythons
  3 frilled lizards
  4 kobolds
  10 rats
75 creatures vanquished.

Vanquished Creatures (others)
  8 demonic plants (D:1)
  2 plants (D:1)
  2 withered plants (D:1)
12 creatures vanquished.

Grand Total: 87 creatures vanquished

Notes
Turn   | Place    | Note
-------+----------+-------------------------------------------
     0 | D:1      | Jepp2078 the Hill Orc Fighter began the quest for the Orb.
     0 | D:1      | Reached XP level 1. HP: 19/19 MP: 1/1
    69 | D:1      | Reached XP level 2. HP: 27/27 MP: 2/2
    70 | D:1      | Found a faded altar of an unknown god.
   531 | D:1      | Reached XP level 3. HP: 31/34 MP: 3/3
   869 | D:2      | Found Acara's Distillery.
   915 | D:2      | Bought a potion of heal wounds for 65 gold pieces
   915 | D:2      | Bought a potion of curing for 39 gold pieces
  1063 | D:2      | Found Jihor's Distillery.
  1380 | D:2      | Reached XP level 4. HP: 41/41 MP: 4/4
  1418 | D:2      | Found a sacrificial altar of Ru.
  1461 | D:2      | Found Naejanui's Book Shop.
  1726 | D:3      | Reached skill level 5 in Fighting
  1824 | D:3      | Found a shadowy altar of Dithmenos.
  1842 | D:3      | Noticed Terence
  1847 | D:3      | Noticed Natasha
  1854 | D:3      | HP: 2/42 [Terence (7)]
  1858 | D:3      | Killed Terence
  1871 | D:3      | Reached skill level 5 in Axes
  1871 | D:3      | Reached XP level 5. HP: 19/48 MP: 5/5
  1877 | D:3      | Killed Natasha
  1948 | D:3      | Noticed Natasha
  1961 | D:3      | Killed Natasha
  2533 | D:3      | Noticed Ijyb
  2550 | D:3      | Killed Ijyb
  2680 | D:3      | Reached XP level 6. HP: 57/57 MP: 6/6
  2826 | D:3      | Found a blossoming altar of Fedhas.
  3335 | D:4      | Slain by a gnoll

Illustrated notes

Levels and vault maps discovered:
D:1:      heliophobic_arrival_enchanted_forest, layout_loops_cross,
          shapermc_ecumenical_altar_gd
D:2:      layout_loops_ring, basic_altar, serial_shops, shop, shop, shop_coins
D:3:      layout_loops_ring, fedhas_altar_4, grunt_dithmenos_smoke_and_mirrors,
          grunt_decor_arrowhead, uniq_natasha, uniq_terence, uniq_ijyb
D:4:      layout_rooms

Skill      XL: |  1  2  3  4  5  6 |
---------------+-------------------+-----
Axes           | 3 4 5 6 |  6.3
Fighting       | 4 5 6 |  6.3
Armour         | |  3.2
Shields        | |  3.2

Action                   |  1- 3 |  4- 6 || total
-------------------------+-------+-------++-------
Melee: War axe           |    85 |   128 ||   213
  Use: Potion            |       |     3 ||     3
       Scroll            |       |     9 ||     9
Armor: Scale mail        |    33 |    23 ||    56
       Ring mail         |       |    19 ||    19
Dodge: Dodged            |    51 |    66 ||   117
Block: Buckler           |    20 |    23 ||    43
